 Dungeon Crawl Stone Soup version 0.20.1-1-g8b1a95d (webtiles) character file.

2444 tmwrnj the Basher (level 9, -1/79 HPs)
             Began as a Hill Orc Fighter on Aug 1, 2017.
             Slain by a worker ant (2 damage)
             ... on level 7 of the Dungeon.
             The game lasted 00:24:31 (8227 turns).

tmwrnj the Basher (Hill Orc Fighter)                Turns: 8227, Time: 00:24:32

Health: -1/79      AC: 13    Str: 22    XL:     9   Next: 49%
Magic:  9/9        EV:  7    Int:  8    God:
Gold:   330        SH: 11    Dex: 10    Spells: 8/8 levels left

rFire    . . .     SeeInvis .   t - +0 mace (drain)
rCold    . . .     Gourm    .   c - +0 shield
rNeg     . . .     Faith    .   w - +0 chain mail
rPois    .         Spirit   .   I - +0 helmet
rElec    .         Reflect  .   F - +0 cloak
rCorr    .         Harm     .   (no gloves)
MR       .....                  (no boots)
Stlth    ..........             (no amulet)
Regen    0.3/turn               (no ring)
MPRegen  0.2/turn               (no ring)

@: no status effects
A: no striking features
a: Convert to Beogh


You were on level 7 of the Dungeon.
You were not hungry.

You visited 2 branches of the dungeon, and saw 8 of its levels.

You collected 330 gold pieces.

Inventory:

Hand Weapons
 a - a +0 flail
 s - a +0 mace
 t - a +0 mace of draining (weapon)
 E - a +3 whip
Armour
 b - a +0 plate armour
 c - a +0 shield (worn)
 w - a +0 chain mail (worn)
 B - a +0 large shield
 F - a +0 cloak (worn)
 I - a +0 helmet (worn)
Jewellery
 x - an uncursed amulet of magic regeneration
 A - an uncursed ring of flight
 J - an uncursed ring of protection from magic {unknown}
Wands
 v - a wand of clouds (6/9)
 G - a wand of confusion (26/48)
Scrolls
 e - 3 scrolls of identify
 i - 2 scrolls of amnesia {unknown}
 l - 2 scrolls of remove curse
 m - a scroll of recharging {unknown}
 n - a scroll of magic mapping {unknown}
 p - 2 scrolls of blinking {unknown}
 r - 3 scrolls of enchant weapon
 u - 2 scrolls of teleportation {unknown}
 y - a scroll of noise {unknown}
 H - a scroll of fog {unknown}
 L - a scroll of immolation {unknown}
Potions
 d - 2 potions of might
 j - a potion of flight {unknown}
 k - 4 potions of curing
 o - 2 potions of heal wounds {unknown}
 q - 2 potions of agility {unknown}
 z - 3 potions of brilliance {unknown}
 C - a potion of magic {unknown}
 D - a potion of mutation {unknown}
 K - a potion of haste {unknown}
 M - a potion of lignification {unknown}
Comestibles
 f - 7 bread rations
 g - 5 meat rations
 h - 4 royal jellies


   Skills:
 + Level 7.2 Fighting
 + Level 8.1 Maces & Flails
 + Level 6.8 Armour
 + Level 2.6 Dodging
 + Level 7.3 Shields


You had 8 spell levels left.
You didn't know any spells.

Dungeon Overview and Level Annotations

Branches:
Dungeon (7/15)             Temple (1/1) D:5

Altars:
Ashenzari
Dithmenos
Elyvilon
Fedhas
Hepliaklqana
Kikubaaqudgha
Makhleb
Okawaru
Qazlal
Ru
Sif Muna
Trog
Vehumet
Xom
Yredelemnul
The Shining One

Shops:
D:5 *   D:7 }

Annotations:
D:3 1 runed door
D:4 bgiannan's ghost, novice MiFi
D:6 exclusion: statue


Message History

The worker ant poisons you!
You feel sick.
A stone appears from out of thin air!
The stone hits you but does no damage.
The orc priest invokes the aid of Beogh against you.
Beogh smites you!
* * * LOW HITPOINT WARNING * * *
The worker ant bites you.
* * * LOW HITPOINT WARNING * * *
You are more poisoned.
The worker ant poisons you!
* * * LOW HITPOINT WARNING * * *
You feel sick.
The worker ant bites you but does no damage.
It was a potion of curing.
You feel better. You block the worker ant's attack.
The orc priest calls down the wrath of Beogh upon you.
Beogh smites you!
* * * LOW HITPOINT WARNING * * *
A stone appears from out of thin air!
The stone hits you but does no damage. The worker ant bites you.
You die...

#.......#.....#....>#
####'######.....#.....#
......#..##.....#.....#
......#..##....####'####
......#..##....##......#
......#...#.....#......#
......#...#.....#......#
..^...#..##'#####......#
##....#'##...(oa@.######
.#....#..#...<....#
.#....#..#........#
.#....'..#........#
.#....##'#........#
.#........{.#######
.#..........#
.#..........# #######
.#..........# #.....#


You could see a worker ant and an orc priest.

Vanquished Creatures
  A hippogriff (D:7)
  Prince Ribbit (D:6)
  Sigmund (D:6)
  An ice beast (D:5)
  2 orc warriors (D:6)
  2 phantoms
  2 ogres
  2 centaurs
  2 bullfrogs
  2 scorpions
  A howler monkey (D:7)
  3 crimson imps
  Crazy Yiuf (D:3)
  An orc priest (D:7)
  4 hounds
  3 orc wizards
  An iguana (D:7)
  Ijyb (D:4)
  5 worker ants
  7 gnolls
  A worker ant zombie (D:6)
  6 adders
  3 river rats (D:6)
  2 shadow imps (D:5)
  3 oozes
  An adder zombie (D:7)
  2 adder skeletons (D:6)
  2 worms
  2 dart slugs (D:2)
  6 leopard geckos
  18 orcs
  10 giant cockroaches
  11 goblins
  3 hobgoblins (D:1)
  4 jackals (D:6)
  11 quokkas
  A ball python (D:6)
  9 bats
  3 frilled lizards
  2 goblin skeletons (D:3)
  8 kobolds
  12 rats
163 creatures vanquished.

Notes
Turn   | Place    | Note
-------+----------+-------------------------------------------
     0 | D:1      | tmwrnj the Hill Orc Fighter began the quest for the Orb.
     0 | D:1      | Reached XP level 1. HP: 19/19 MP: 1/1
   193 | D:1      | Reached XP level 2. HP: 20/27 MP: 2/2
   613 | D:1      | Reached XP level 3. HP: 23/33 MP: 3/3
  1368 | D:2      | Reached skill level 3 in Maces & Flails
  1368 | D:2      | Reached XP level 4. HP: 41/41 MP: 4/4
  1478 | D:3      | Found a runed door.
  2019 | D:3      | Found a runed door.
  2019 | D:3      | Noticed a human
  2026 | D:3      | Found a basalt altar of Yredelemnul.
  2184 | D:4      | Noticed Ijyb
  2221 | D:4      | Killed Ijyb
  2221 | D:4      | Reached XP level 5. HP: 28/47 MP: 5/5
  2223 | D:4      | Reached skill level 4 in Maces & Flails
  2505 | D:4      | Noticed a phantom
  2613 | D:3      | Killed a phantom
  2613 | D:3      | Reached XP level 6. HP: 48/55 MP: 6/6
  2836 | D:4      | Found an ancient bone altar of Kikubaaqudgha.
  2836 | D:4      | Found a bloodstained altar of Trog.
  2836 | D:4      | Found a glowing golden altar of the Shining One.
  2895 | D:4      | Reached skill level 5 in Fighting
  2895 | D:4      | Reached skill level 5 in Maces & Flails
  2938 | D:4      | Noticed bgiannan's ghost (novice MiFi)
  2966 | D:5      | Entered Level 5 of the Dungeon
  2976 | D:4      | Reached skill level 5 in Shields
  3025 | D:5      | Reached XP level 7. HP: 40/61 MP: 7/7
  3198 | D:5      | Found Kulock's Elemental Accessories.
  3221 | D:5      | Reached skill level 1 in Dodging
  3466 | D:5      | Found a basalt altar of Yredelemnul.
  3754 | D:5      | Reached skill level 6 in Maces & Flails
  3974 | D:5      | Reached XP level 8. HP: 67/69 MP: 8/8
  4142 | D:5      | Found a staircase to the Ecumenical Temple.
  4201 | Temple   | Entered the Ecumenical Temple
  4313 | D:5      | Found a white marble altar of Elyvilon.
  4490 | D:3      | Noticed Crazy Yiuf
  4495 | D:3      | Killed Crazy Yiuf
  4901 | D:6      | Reached skill level 5 in Armour
  5321 | D:6      | Noticed Prince Ribbit
  5487 | D:6      | Found a radiant altar of Vehumet.
  5617 | D:6      | Noticed Sigmund
  5753 | D:7      | Noticed a hippogriff
  5760 | D:7      | Killed a hippogriff
  5760 | D:7      | Reached skill level 7 in Maces & Flails
  5906 | D:7      | Found Rofuicse's Gadget Shoppe.
  7020 | D:6      | Reached XP level 9. HP: 78/78 MP: 9/9
  7216 | D:6      | Killed Sigmund
  8062 | D:6      | Killed Prince Ribbit
  8062 | D:6      | Reached skill level 8 in Maces & Flails
  8226 | D:7      | HP: 1/79 [orc priest/divine providence (9)]
  8227 | D:7      | Slain by a worker ant

Skill      XL: |  1  2  3  4  5  6  7  8  9 |
---------------+----------------------------+-----
Fighting       | 4 5 6 7 |  7.2
Maces & Flails | 3 4 5 6 7 8 |  8.1
Shields        | 4 5 6 7 |  7.3
Armour         | 4 5 6 |  6.8
Dodging        | 1 2 |  2.6

Action                   |  1- 3 |  4- 6 |  7- 9 || total
-------------------------+-------+-------+-------++-------
Melee: Flail             |   157 |   217 |    92 ||   466
       Mace              |       |       |   489 ||   489
  Use: Scroll            |       |     1 |     2 ||     3
       Potion            |       |       |     1 ||     1
  Eat: Chunk             |     2 |     6 |    16 ||    24
       Fruit             |       |       |     1 ||     1
Armor: Scale mail        |    70 |    95 |    26 ||   191
       Chain mail        |       |       |   233 ||   233
Dodge: Dodged            |    58 |    52 |   170 ||   280
Block: Shield            |    94 |   123 |   286 ||   503
